 Dungeon Crawl Stone Soup version 0.17.1-3-g152610e (webtiles) character file.

165 juanjsm the Stinger (level 5, -1/24 HPs)
             Began as a Spriggan Venom Mage on Apr 21, 2016.
             Was an Initiate of Vehumet.
             Killed from afar by an orc wizard (9 damage)
             ... with a magic dart
             ... on level 3 of the Dungeon.
             The game lasted 00:28:30 (5131 turns).

juanjsm the Stinger (Spriggan Venom Mage)           Turns: 5131, Time: 00:28:30

Health: -1/24      AC:  4    Str:  4    XL:     5   Next: 22%
Magic:  0/11       EV: 25    Int: 18    God:    Vehumet [......]
Gold:   160        SH:  0    Dex: 16    Spells: 4 memorised, 2 levels left

rFire  . . .     SeeInvis +     g - +0 dagger
rCold  . . .     Clarity  .     a - +0 robe
rNeg   + . .     SustAt   .     (shield restricted)
rPois  .         Gourm    .     z - +2 hat
rElec  .         Spirit   .     (no cloak)
rCorr  .         Warding  .     (gloves unavailable)
rMut   .         Stasis   .     (boots unavailable)
MR     .....                    (no amulet)
Stlth  +++.......               u - +6 ring of evasion
                                j - ring of positive energy

@: very quick, not resistant to hostile enchantments, fairly stealthy
A: unfitting armour, see invisible, herbivore 3, speed 3, slow metabolism 2
a: Renounce Religion


You were on level 3 of the Dungeon.
You worshipped Vehumet.
Vehumet was noncommittal.
You were full.

You visited 2 branches of the dungeon, and saw 6 of its levels.

You collected 160 gold pieces.

Inventory:

Hand Weapons
 g - a +0 dagger (weapon)
 w - a +0 hunting sling
Missiles
 e - 122 stones (quivered)
Armour
 a - a +0 robe (worn)
 z - a +2 hat (worn)
Jewellery
 j - a ring of positive energy (left hand)
 u - a +6 ring of evasion (right hand)
Wands
 x - a wand of slowing (26)
Scrolls
 i - 5 scrolls of remove curse
 l - 2 scrolls of recharging {unknown}
 n - 2 scrolls of noise {unknown}
 o - 2 scrolls of identify
 p - a scroll of magic mapping {unknown}
 r - 5 scrolls of fog {unknown}
 s - a scroll of immolation {unknown}
Potions
 d - 2 potions of flight
 f - a potion of lignification
 h - a potion of curing
 k - 2 potions of mutation
 m - a potion of berserk rage {unknown}
 q - 2 potions of ambrosia
 t - a potion of agility {unknown}
 v - a potion of heal wounds
Books
 b - a Young Poisoner's Handbook

   Spells                             Type                      Level
   a - Sting                          Conjuration/Poison           1
   b - Cure Poison                    Poison                       2
   c - Mephitic Cloud                 Conjuration/Poison/Air       3
   d - Olgreb's Toxic Radiance        Poison                       4
   e - Venom Bolt                     Conjuration/Poison           5
 y - a Fen Folio

   Spells                             Type                      Level
   a - Corpse Rot                     Necromancy                   2
   b - Stone Arrow                    Conjuration/Earth            3
   c - Leda's Liquefaction            Hexes/Earth                  4
   d - Summon Forest                  Summoning/Translocation      5
   e - Hydra Form                     Transmutation                6
   f - Summon Hydra                   Summoning                    7
Comestibles
 c - 2 bread rations


   Skills:
 + Level 0.1 Fighting
 + Level 4.0 Dodging
 + Level 4.4 Stealth
 + Level 3.9 Spellcasting
 + Level 1.0 Conjurations
 + Level 0.3 Air Magic
 + Level 4.8 Poison Magic


You had 2 spell levels left.
You knew the following spells:

 Your Spells              Type           Power        Failure   Level  Hunger
a - Sting                 Conj/Pois      ##..         6%          1    None
b - Cure Poison           Pois           ###.......   3%          2    ##.....
c - Mephitic Cloud        Conj/Pois/Air  ##......     21%         3    ###....
d - Stone Arrow           Conj/Erth      #.....       34%         3    ###....


Dungeon Overview and Level Annotations

Branches:
Dungeon (5/15)             Temple (1/1) D:4

Altars:
Ashenzari
Cheibriados
Dithmenos
Fedhas
Kikubaaqudgha
Makhleb
Okawaru
Ru
Sif Muna
Trog
Vehumet
Xom
Yredelemnul
Zin

Annotations:
D:3 Grinder; Terence; Tobisume's ghost, amateur DsGl
D:4 Shotgun's ghost, weakling DrTm


Innate Abilities, Weirdness & Mutations

You are tiny and cannot use many weapons and most armour.
You have supernaturally acute eyesight.
You are a herbivore.
You cover ground extremely quickly.
You need consume almost no food.


Message History

The orc wizard gestures wildly while chanting.
The orc wizard seems to speed up.
You closely miss the orc wizard.
The orc wizard is moderately wounded.
The orc wizard misses you.
Casting: Sting
Confirm with . or Enter, or press ? or * to list all spells.
Aiming: Sting
Press: ? - help, Shift-Dir - straight line, f/p - orc wizard
Aim: an orc wizard, wielding a dagger and wearing a robe (heavily wounded, fast, poisoned)
The sting misses the orc wizard.
The orc wizard barely misses you. The orc wizard barely misses you.
You barely miss the orc wizard.
The orc wizard is heavily wounded.
The orc wizard looks more healthy.
The orc wizard completely misses you.
You hit the orc wizard but do no damage.
The orc wizard is severely wounded.
The orc wizard gestures at you while chanting.
The magic dart hits you!
You die...

.)..[###..# #.#..#.######
..........# ##.##.#.##...#
.#G....#.#### #..##...##...#
##..........#############..##...#
#........o...##.....#...(.>......
#............##.....#......##....
#............##....(#.........##.
#......#....§.#...............'..
#......#....o§#.@o......##....##.
#.....##.....($##(#####.#......#.
.........##'##.......##.#.####.#.
###########.#######.###.#<#..#.#.
.........##..)......# #.#....#.#.
.#######.#########..# #.#.##.#.#.
.# #.# #..# #.#....#.#.
.#######.# #..# #.#......#.
.........# #..###.#.######.


You could see an orc wizard.

Vanquished Creatures
  A hound (D:4)
  An orc wizard (D:3)
  2 adders
  3 worms
  A giant gecko (D:2)
  7 orcs (D:3)
  2 bat zombies (D:4)
  4 giant cockroaches
  6 hobgoblins
  17 kobolds
  3 quokkas
  2 ball pythons
  7 bats
  5 giant newts
  4 goblins
  8 rats
  A rat zombie (D:4)
74 creatures vanquished.

Notes
Turn   | Place    | Note
--------------------------------------------------------------
     0 | D:1      | juanjsm the Spriggan Venom Mage began the quest for the Orb.
     0 | D:1      | Reached XP level 1. HP: 9/9 MP: 5/5
   252 | D:1      | Reached XP level 2. HP: 13/13 MP: 3/6
   258 | D:1      | Learned a level 2 spell: Cure Poison
  1440 | D:2      | Found a faded altar to an unknown god.
  1495 | D:2      | Reached XP level 3. HP: 14/16 MP: 6/8
  1500 | D:2      | Learned a level 3 spell: Mephitic Cloud
  1692 | D:3      | Noticed Terence
  1723 | D:2      | Found a glowing silver altar of Zin.
  1830 | D:2      | Found a sacrificial altar of Ru.
  2550 | D:3      | Found a shattered altar of Ashenzari.
  2897 | D:3      | Noticed Grinder
  2903 | D:3      | Paralysed by Grinder for 3 turns
  2923 | D:3      | Noticed Tobisume's ghost (amateur DsGl)
  3271 | D:3      | Reached XP level 4. HP: 21/21 MP: 8/10
  4080 | D:3      | Noticed an eye of draining
  4187 | D:3      | Noticed an eye of draining
  4188 | D:3      | Found a bloodstained altar of Trog.
  4188 | D:3      | Noticed an eye of draining
  4260 | D:5      | Entered Level 5 of the Dungeon
  4285 | D:4      | Found a basalt altar of Yredelemnul.
  4443 | D:4      | Found an ancient bone altar of Kikubaaqudgha.
  4518 | D:4      | Noticed Shotgun's ghost (weakling DrTm)
  4544 | D:4      | Found a staircase to the Ecumenical Temple.
  4606 | Temple   | Entered the Ecumenical Temple
  4613 | Temple   | Became a worshipper of Vehumet
  4618 | Temple   | Learned a level 3 spell: Stone Arrow
  4961 | D:4      | Reached skill level 1 in Conjurations
  4961 | D:4      | Reached XP level 5. HP: 24/24 MP: 4/11
  4985 | D:4      | Noticed a phantom
  5131 | D:3      | Killed from afar by an orc wizard

Action                   |  1- 3 |  4- 6 || total
-------------------------+-------+-------++-------
Melee: Dagger            |   118 |    66 ||   184
       Unarmed           |     4 |       ||     4
 Cast: Sting             |    86 |    66 ||   152
       Mephitic Cloud    |     2 |    11 ||    13
  Use: Scroll            |       |     9 ||     9
 Stab: Sleeping          |    11 |     4 ||    15
       Confused          |     1 |     2 ||     3
  Eat: Pizza             |       |     1 ||     1
       Bread ration      |       |     1 ||     1
